 Dungeon Crawl Stone Soup version 0.31-a0-523-g071a6c1ffa (webtiles) character file.

Game seed: 15217822472857219759

118940 bobarctor the Eclecticist (level 16, -9/126 HPs)
             Began as a Demonspawn Ice Elementalist on Aug 11, 2023.
             Was the Champion of Dithmenos.
             Mangled by a spark wasp (15 damage)
             ... in a wizard's laboratory on Aug 12, 2023.
             The game lasted 03:29:31 (30790 turns).

bobarctor the Eclecticist (DsIE)                   Turns: 30790, Time: 03:29:31

Health: -9/126     AC: 23    Str:  9    XL:     16   Next: 26%
Magic:  6/36       EV: 13    Int: 25    God:    Dithmenos [******]
Gold:   1016       SH: 12    Dex: 15    Spells: 7/48 levels left

rFire   + . .        r - +4 short sword of Misery {distort, rC++}
rCold   + + +        U - +3 buckler {rC+}
rNeg    . . .        T - +0 acid dragon scales
rPois   +            (helmet unavailable)
rElec   .            H - +0 cloak
rCorr   +            N - +2 pair of gloves
SInv    +            I - +0 pair of boots
Will    ++...        B - amulet of regeneration
Stlth   +++++        x - ring "Vebi" {rPois rF+ Will+ Dex-4 Slay+5}
HPRegen 1.21/turn    C - +6 ring of dexterity
MPRegen 0.25/turn

%: no passive effects
@: wreathed by umbra, studying 2 skills, unable to drink
A: antennae 3, slimy green scales 2, icemail 2, robust 1, spiny 1, condensation
shield, fangs 1, inability to drink after injury 1
a: Renounce Religion, Shadow Step, Shadow Form


You were in a wizard's laboratory.
You worshipped Dithmenos.
Dithmenos was exalted by your worship.
You visited 6 branches of the dungeon, and saw 25 of its levels.
You also visited: Wizlab.

You collected 2186 gold pieces.
You spent 1170 gold pieces at shops.

Inventory:

Hand Weapons
 r - the +4 short sword of Misery (weapon) {distort, rC++}
   (You found it on level 3 of the Dungeon)

   rC++:      It greatly protects you from cold.
Missiles
 l - 42 poisoned darts
 n - a throwing net
 F - 19 boomerangs
Armour
 H - a +0 cloak (worn)
 I - a +0 pair of boots (worn)
 N - a +2 pair of gloves (worn)
 T - +0 acid dragon scales (worn)
 U - a +3 buckler of cold resistance (worn)
Jewellery
 f - an amulet of magic regeneration
 g - a ring of protection from fire
 k - a ring of flight
 x - the ring "Vebi" (left hand) {rPois rF+ Will+ Dex-4 Slay+5}
   (You found it on level 1 of the Orcish Mines)

   [ring of willpower]

   Dex-4:     It affects your dexterity (-4).
   Slay+5:    It affects your accuracy & damage with ranged weapons and melee
   (+5).
   rF+:       It protects you from fire.
   rPois:     It protects you from poison Will+: It increases your willpower.
 B - an amulet of regeneration (around neck)
 C - a +6 ring of dexterity (right hand)
Wands
 q - a wand of polymorph (10)
 w - a wand of iceblast (20)
 K - a wand of charming (23)
 M - a wand of digging (9)
 Y - a wand of mindburst (22)
Scrolls
 a - a scroll of brand weapon
 c - a scroll of torment
 d - a scroll of silence {unknown}
 i - 9 scrolls of teleportation
 m - 2 scrolls of immolation
 y - 3 scrolls of fog
 D - a scroll of fear
 G - 2 scrolls of enchant armour
 W - 3 scrolls of revelation
Potions
 b - 5 potions of magic
 e - 2 potions of haste
 h - a potion of berserk rage
 o - 7 potions of curing
 p - a potion of cancellation
 A - 3 potions of resistance
 L - a potion of might
 O - 3 potions of heal wounds
 X - 2 potions of degeneration {unknown}


   Skills:
 + Level 7.0 Fighting
 + Level 6.6 Short Blades
 + Level 4.8 Armour
 + Level 7.0 Dodging
 + Level 5.6 Stealth
 + Level 4.4 Shields
 * Level 16.7 Spellcasting
 + Level 3.0 Conjurations
 + Level 0.1 Hexes
 + Level 2.7 Summonings
 * Level 5.3 Necromancy
 * Level 4.7 Translocations
 + Level 2.1 Transmutations
 + Level 0.9 Fire Magic
 - Level 10.9 Ice Magic
 + Level 2.4 Air Magic
 + Level 1.9 Earth Magic
 + Level 3.1 Poison Magic
 * Level 14.0 Invocations


You had 7 spell levels left.
You knew the following spells:

 Your Spells              Type           Power      Damage    Failure   Level
a - Freeze                Ice            100%       1d10      1%          1
b - Ozocubu's Armour      Ice            66%        N/A       1%          3
c - Frozen Ramparts       Ice            100%       1d16      1%          3
d - Summon Ice Beast      Ice/Summ       53%        N/A       3%          4
e - Swiftness             Air            33%        N/A       6%          3
f - Ignite Poison         Fire/Tmut/Pois 31%        N/A       8%          3
g - Mephitic Cloud        Conj/Pois/Air  35%        N/A       5%          3
h - Magic Dart            Conj           100%       1d8       1%          1
i - Ensorcelled Hibernat  Hex/Ice        96%        N/A       1%          2
j - Call Imp              Summ           68%        N/A       2%          2
k - Passwall              Tmut/Erth      25%        N/A       3%          2
l - Animate Dead          Necr           47%        N/A       6%          4
m - Blink                 Tloc           88%        N/A       1%          2
n - Teleport Other        Tloc           44%        N/A       2%          3
o - Momentum Strike       Conj/Tloc      80%        3d10      1%          2
p - Hailstorm             Conj/Ice       54%        3d12      1%          3

Your spell library contained the following spells:

 Spells                   Type           Power      Damage    Failure   Level
 Lesser Beckoning         Tloc           88%        N/A       1%          2
 Gell's Gravitas          Tloc           44%        N/A       2%          3
 Wereblood                Tmut           31%        N/A       3%          2
 Sticky Flame             Conj/Fire      30%        2d5       26%         4
 Simulacrum               Ice/Necr       28%        N/A       32%         6
 Borgnjor's Vile Clutch   Necr/Erth      19%        N/A       36%         5
 Yara's Violent Unravell  Hex/Tmut       13%        3d7       69%         5
 Death Channel            Necr           23%        N/A       69%         6
 Dispersal                Tloc           22%        N/A       77%         6
 Eringya's Noxious Bog    Tmut/Pois      17%        4d6       97%         6
 Ignition                 Fire           12%        3d6       100%        8


Dungeon Overview and Level Annotations

Branches:
Dungeon (15/15)            Temple (1/1) D:7            Lair (5/5) D:8
  Swamp (0/4) Lair:2       Spider (0/4) Lair:2        Slime (0/5) Lair:4
    Orc (2/2) D:10            Elf (1/3) Orc:2        Vaults (0/5) D:14
 Depths (1/4) D:15         WizLab (1/1)

Altars:
Ashenzari
Cheibriados
Dithmenos
Fedhas
Gozag
Hepliaklqana
Kikubaaqudgha
Makhleb
Nemelex Xobeh
Okawaru
Qazlal
Ru
Sif Muna
Trog
Uskayaw
Vehumet
Wu Jian
Xom
Yredelemnul
Jiyva

Shops:
D:4 =   Orc:2 :[(*

Portals:
Ziggurat: Depths:1

Annotations:
Lair:4 1 runed translucent door
Lair:5 1 runed translucent door, exclusion: obsidian statue, wormstring's ghost, journeyman FeCK
Abyss:1 Dowan; Fannar; Snorg


Innate Abilities, Weirdness & Mutations

You have a pair of large antennae on your head. (SInv)
You are mostly covered in slimy green scales. (AC +3)
A meltable icy envelope protects you from harm. (AC +8)
You are robust. (+10% HP)
You are partially covered in sharp spines.
A meltable shield of frost defends you. (SH +4)
You have very sharp teeth.
You occasionally lose the ability to drink potions when taking damage.


Message History

Unknown command.
Casting: Magic Dart (safe; 1% risk of failure)
Confirm with . or Enter, or press ? or * to list all spells.
Aiming: Magic Dart (safe; 1% risk of failure)
Press: ? - help, Shift-Dir - straight line, f/p - blizzard demon
Aim: a blizzard demon (white fluffiness, heavily wounded, umbra, 100% to hit)
The magic dart hits the blizzard demon but does no damage.
The blizzard demon is heavily wounded.
Your shadow mimics your spell!
The shadow shard hits the blizzard demon!!
You are engulfed in freezing vapours.
You resist.
Casting: Magic Dart (safe; 1% risk of failure)
Confirm with . or Enter, or press ? or * to list all spells.
A film of ice covers your body!
You are engulfed in freezing vapours.
You resist.
Unknown command.
You closely miss the spark wasp.
The spark wasp is moderately wounded.
Your shadow closely misses the spark wasp.
You are engulfed in freezing vapours.
You resist.
The blizzard demon waves its arms in wide circles.
The air twists around and strikes you.
The wall freezes the spark wasp but does no damage.
The spark wasp stings you!
* * * LOW HITPOINT WARNING * * *
The spark wasp shocks you!
* * * LOW HITPOINT WARNING * * *
Unknown command.
Blink to where?
Press: ? - help, Dir - move target, p - blizzard demon Your icy armour cracks and falls away as you move.
The frozen ramparts melt away as you move.
As you read the scroll of blinking, it crumbles to dust.
The spark wasp bursts into living lightning!
The living lightning misses you.
The spark wasp blinks!
The spark wasp stings you but does no damage.
The spark wasp stings you!
* * * LOW HITPOINT WARNING * * *
The spark wasp shocks you!
You die...

≈≈≈≈#....######§§.§§§..##≈#
≈≈≈≈#....'§..§§.§§§.§§..#≈#
≈≈≈≈#########§§§°..§§§§§###
≈≈≈≈≈≈≈≈≈###§.§§§°2.§§§°2## {
≈≈≈≈≈≈≈≈##....§.##°##§§§y## ≈≈
≈≈≈≈##......##°°.##§§○○#### ≈
≈≈ ≈≈≈≈#.§....##.°..°##§○°○.##
#≈
≈≈≈≈##§§..##.......#...○.§#§#≈
≈≈≈≈#.§§...[[@.∩.∩.÷#.§§§§§.#≈
≈≈≈≈#§...§§#y......#..§§§§###≈
≈≈≈≈##..§§§##.....###§§....#≈≈
≈≈≈≈≈#...§§§##...###§§.§..###≈
≈≈≈≈≈##...§§§##'#####§§§.§.#≈≈
≈≈≈≈≈≈#...§§§....###....§.###≈
≈≈≈≈≈≈##..........###...§§..##
≈≈≈≈≈≈≈##...§....##≈###..§§...
.≈≈≈≈≈≈≈###.§.§.##≈≈≈≈###.....


You could see a blizzard demon and a spark wasp.

Vanquished Creatures
  An orc warlord (Orc:1)
  The ghost of SirDiesAlot the Mimic, a journeyman OpSh of Cheibriados (Orc:1)
  2 spark wasps (WizLab)
  4 dire elephants
  The ghost of LobsterGuardian the Grappler, a journeyman DrSh of Uskayaw (D:12)
  A fire dragon (D:13)
  Josephine (D:10)
  2 vault guards (D:14)
  4 hydras
  A ghost crab (WizLab)
  An ogre mage (D:15)
  3 centaur warriors
  A spriggan air mage (WizLab)
  2 boulder beetles
  4 tengu warriors
  7 two-headed ogres
  5 death yaks (Lair:5)
  4 orc high priests
  A shock serpent (WizLab)
  Sonja (D:13)
  A death drake (WizLab)
  A flayed ghost (Depths:1)
  2 skysharks (Lair:4)
  A glowing orange brain (Depths:1)
  A spectral anaconda (Lair:5)
  Jeremiah (D:8)
  An orc knight (Orc:1)
  A wizard (D:14)
  A lindwurm (Lair:2)
  Pikel (D:5)
  6 necromancers
  A deep elf zephyrmancer (Elf:1)
  An orc sorcerer (Orc:1)
  2 deep elf pyromancers
  2 cyclopes (D:13)
  A salamander (D:15)
  3 manticores
  7 ugly things
  16 elephants
  Maurice (D:10)
  A moth of wrath (Orc:1)
  A torpor snail (Lair:3)
  9 cane toads
  3 gargoyles
  3 black mambas
  An unseen horror (D:13)
  Psyche (D:10)
  4 rime drakes
  8 komodo dragons
  A dire elephant skeleton (Lair:5)
  2 freezing wraiths (D:15)
  A tengu conjurer (D:15)
  11 yaktaurs
  3 polar bears (Lair:2)
  4 trolls
  A hornet (D:8)
  A wind drake (WizLab)
  2 tyrant leeches (Lair:1)
  A spectral elephant (Lair:5)
  22 blink frogs
  9 dream sheep
  A centaur simulacrum (D:15)
  A jumping spider (Lair:2)
  5 air elementals (WizLab)
  2 slime creatures (D:15)
  6 wraiths
  30 yaks
  4 wyverns
  Grum (D:8)
  3 basilisks
  15 humans (D:14)
  8 vampire mosquitoes
  2 steam dragons
  Menkaure (D:5)
  10 wargs
  2 acid dragons
  13 water moccasins
  Duvessa (D:5)
  An ice beast (D:7)
  A sky beast (D:4)
  2 black bears
  30 orc warriors
  7 ogres
  26 wolves
  17 centaurs
  A phantom (D:5)
  4 kobold brigands
  8 bullfrogs
  2 gnoll sergeants
  A cane toad simulacrum (Lair:5)
  3 scorpions (D:6)
  2 elephant simulacra (Lair:5)
  13 killer bees
  2 electric eels
  A howler monkey (D:12)
  A jelly (D:8)
  A gnoll bouda (D:8)
  15 orc priests
  4 hounds
  2 iguanas (D:5)
  2 sleepcaps
  Ijyb (D:3)
  21 orc wizards
  19 gnolls
  9 adders
  3 river rats (D:4)
  A shadow imp (D:7)
  5 white imps
  3 ufetubi
  2 worms (D:2)
  A dart slug (D:1)
  64 orcs
  9 bats
  6 endoplasms
  3 giant cockroaches (D:4)
  16 hobgoblins
  7 jackals
  2 quokkas
  4 ball pythons
  A frilled lizard (D:1)
  15 goblins
  27 kobolds
  11 rats
668 creatures vanquished.

Vanquished Creatures (collateral kills)
  A hydra (Lair:5)
  2 deep elf pyromancers (Elf:1)
  A deep elf zephyrmancer (Elf:1)
  A yak (D:12)
  A basilisk (Lair:1)
  The ghost of randomguy2701 the Stinger, an amateur OpVM (D:4)
  An orc (Orc:1)
8 creatures vanquished.

Vanquished Creatures (others)
  A spriggan air mage (WizLab)
  A wind drake (WizLab)
  A vampire (D:13)
  A human (D:14)
  A troll zombie (D:12)
  An electric eel (D:13)
  An orc (Orc:2)
  A kobold (D:9)
8 creatures vanquished.

Grand Total: 684 creatures vanquished

Notes
Turn   | Place    | Note
-------+----------+-------------------------------------------
     0 | D:1      | bobarctor the Demonspawn Ice Elementalist began the quest
                  | for the Orb.
     0 | D:1      | Reached XP level 1. HP: 13/13 MP: 3/3
   297 | D:1      | Gained mutation: You have a pair of small antennae on your
                  | head. [demonic ancestry]
   297 | D:1      | Reached XP level 2. HP: 17/19 MP: 3/5
   813 | D:1      | Gained mutation: You are partially covered in slimy green
                  | scales. (AC +2) [demonic ancestry]
   813 | D:1      | Reached XP level 3. HP: 24/24 MP: 3/6
   896 | D:1      | Learned a level 3 spell: Ozocubu's Armour
   900 | D:1      | Learned a level 3 spell: Frozen Ramparts
  1800 | D:2      | Reached skill level 3 in Spellcasting
  1800 | D:2      | Gained mutation: You have a pair of antennae on your head.
                  | [demonic ancestry]
  1800 | D:2      | Reached XP level 4. HP: 29/30 MP: 1/8
  2658 | D:3      | Identified the +4 short sword of Misery {distort, rC++}
  2755 | D:3      | Noticed Ijyb
  2782 | D:3      | Killed Ijyb
  2889 | D:3      | Found a stormy altar of Qazlal.
  3057 | D:3      | Gained mutation: A meltable shield of frost defends you.
                  | (SH +4) [demonic ancestry]
  3057 | D:3      | Reached XP level 5. HP: 35/35 MP: 3/10
  3207 | D:3      | Reached skill level 4 in Spellcasting
  3399 | D:4      | Noticed a wyvern
  3459 | D:4      | Reached skill level 5 in Ice Magic
  3459 | D:4      | Gained mutation: A meltable icy envelope protects you from
                  | harm. (AC +8) [demonic ancestry]
  3459 | D:4      | Reached XP level 6. HP: 41/41 MP: 5/12
  3571 | D:4      | Found a broken altar of Ashenzari.
  3595 | D:4      | Reached skill level 5 in Spellcasting
  3708 | D:4      | Noticed a sky beast
  3720 | D:4      | Killed a sky beast
  3742 | D:4      | Found a runed translucent gate.
  3742 | D:4      | Found a runed translucent gate.
  3742 | D:4      | Found a runed translucent gate.
  3744 | D:4      | Noticed randomguy2701's ghost (amateur OpVM)
  3787 | D:4      | Reached XP level 7. HP: 46/46 MP: 15/15
  4122 | D:4      | Found Efohoma's Jewellery Emporium.
  4388 | D:4      | Banished a wyvern
  4469 | D:5      | Entered Level 5 of the Dungeon
  4596 | D:5      | Reached skill level 6 in Spellcasting
  4687 | D:5      | Learned a level 4 spell: Summon Ice Beast
  4691 | D:5      | Learned a level 3 spell: Swiftness
  4695 | D:5      | Learned a level 3 spell: Ignite Poison
  4759 | D:5      | Noticed Menkaure
  4789 | D:5      | Reached skill level 1 in Shields
  4803 | D:5      | Killed Menkaure
  4990 | D:5      | Noticed Pikel
  4995 | D:5      | Noticed Duvessa
  5009 | D:5      | Killed Pikel
  5010 | D:5      | Reached skill level 7 in Spellcasting
  5010 | D:5      | Reached XP level 8. HP: 28/52 MP: 11/18
  5103 | D:5      | Noticed Dowan
  5137 | D:5      | Killed Duvessa
  5153 | D:5      | Banished Dowan
  5687 | D:6      | Reached skill level 1 in Armour
  5874 | D:5      | Gained mutation: You are mostly covered in slimy green
                  | scales. (AC +3) [demonic ancestry]
  5874 | D:5      | Reached XP level 9. HP: 57/57 MP: 14/20
  5969 | D:6      | Reached skill level 8 in Spellcasting
  6800 | D:7      | Noticed a two-headed ogre
  6805 | D:7      | Killed a two-headed ogre
  6806 | D:7      | Reached skill level 9 in Spellcasting
  6945 | D:7      | Learned a level 3 spell: Mephitic Cloud
  6947 | D:7      | Learned a level 1 spell: Magic Dart
  6950 | D:7      | Learned a level 2 spell: Ensorcelled Hibernation
  6953 | D:7      | Learned a level 2 spell: Call Imp
  7442 | D:7      | Found a staircase to the Ecumenical Temple.
  7446 | Temple   | Entered the Ecumenical Temple
  7488 | Temple   | Became a worshipper of Dithmenos the Shadowed
  7564 | D:8      | Noticed an elephant
  7696 | D:8      | Noticed Jeremiah
  7907 | D:8      | Killed Jeremiah
  7908 | D:8      | Reached skill level 1 in Invocations
  7908 | D:8      | Gained mutation: A meltable icy envelope protects you from
                  | harm. (AC +8) [demonic ancestry]
  7908 | D:8      | Reached XP level 10. HP: 12/63 MP: 17/23
  7908 | D:8      | Noticed Grum
  7913 | D:8      | Noticed a two-headed ogre
  8173 | D:7      | Banished an elephant
  8174 | D:7      | Reached skill level 10 in Spellcasting
  8300 | D:8      | Killed Grum
  8331 | D:8      | Reached * piety under Dithmenos
  8354 | D:8      | Killed a two-headed ogre
  8599 | D:8      | Found a staircase to the Lair.
  8874 | D:8      | Learned a level 2 spell: Passwall
  9347 | D:8      | Reached skill level 5 in Invocations
  9371 | D:9      | Reached skill level 1 in Earth Magic
  9417 | D:9      | Reached skill level 11 in Spellcasting
  9531 | D:9      | Gained mutation: You are partially covered in sharp spines.
                  | [demonic ancestry]
  9531 | D:9      | Reached XP level 11. HP: 65/68 MP: 19/26
  9809 | D:9      | Gained mutation: Your mind is acute. (Int +4, Str/Dex -1)
                  | [potion of mutation]
  9809 | D:9      | Gained mutation: You are partially covered in large bone
                  | plates. (SH +4) [potion of mutation]
  9810 | D:9      | Lost mutation: You are partially covered in large bone
                  | plates. (SH +4) [potion of mutation]
  9810 | D:9      | Lost mutation: Your mind is acute. (Int +4, Str/Dex -1)
                  | [potion of mutation]
  9810 | D:9      | Gained mutation: You occasionally shout uncontrollably at
                  | your foes. [potion of mutation]
  9826 | D:10     | Entered Level 10 of the Dungeon
  9898 | Lair:1   | Entered Level 1 of the Lair of Beasts
  9958 | Lair:1   | Reached skill level 1 in Transmutations
 10311 | Lair:1   | Reached ** piety under Dithmenos
 10479 | Lair:1   | Found an iron altar of Okawaru.
 10485 | Lair:1   | Reached skill level 5 in Fighting
 10485 | Lair:1   | Gained mutation: You have a pair of large antennae on your
                  | head. (SInv) [demonic ancestry]
 10485 | Lair:1   | Reached XP level 12. HP: 87/87 MP: 27/27
 10898 | Lair:1   | Reached skill level 1 in Summonings
 10996 | Lair:2   | Found a hole to the Spider Nest.
 11115 | Lair:2   | Reached skill level 5 in Dodging
 11115 | Lair:2   | Reached skill level 12 in Spellcasting
 11216 | Lair:2   | Reached skill level 1 in Air Magic
 11292 | Lair:2   | Found a staircase to the Swamp.
 11535 | Lair:2   | Noticed Fannar
 11559 | Lair:2   | Banished Fannar
 12099 | Lair:3   | Lost mutation: You occasionally shout uncontrollably at
                  | your foes. [potion of mutation]
 12099 | Lair:3   | Gained mutation: Potions are less effective at restoring
                  | your health. [potion of mutation]
 12099 | Lair:3   | Gained mutation: You possess an exceptional clarity of
                  | mind. [potion of mutation]
 12173 | Lair:3   | Reached XP level 13. HP: 93/93 MP: 21/29
 12268 | Lair:3   | Reached skill level 1 in Conjurations
 12468 | Lair:3   | Reached *** piety under Dithmenos
 12573 | Lair:3   | Identified the +6 war axe of Fysy {heavy, Dex+3}
 12607 | Lair:3   | Reached skill level 10 in Invocations
 12939 | Lair:4   | Reached skill level 13 in Spellcasting
 13150 | Lair:4   | Reached skill level 1 in Poison Magic
 13171 | Lair:4   | Reached skill level 5 in Short Blades
 13244 | Lair:4   | Reached skill level 5 in Stealth
 13411 | Lair:4   | Found a runed translucent door.
 13412 | Lair:4   | Found a viscous altar of Jiyva.
 13412 | Lair:4   | Noticed an acid blob
 13421 | Lair:4   | Found a staircase to the Slime Pits.
 13883 | Lair:4   | Found a burning altar of Makhleb.
 14216 | Lair:5   | Entered Level 5 of the Lair of Beasts
 14318 | Lair:5   | Reached **** piety under Dithmenos
 14488 | Lair:5   | Noticed a dire elephant
 14532 | Lair:5   | Killed a dire elephant
 14684 | Lair:5   | Identified the +1 robe of the Beekeeper {Str+2}
 14967 | Lair:4   | Reached skill level 14 in Spellcasting
 14967 | Lair:4   | Gained mutation: You are robust. (+10% HP) [demonic
                  | ancestry]
 14967 | Lair:4   | Reached XP level 14. HP: 94/111 MP: 28/32
 15391 | Lair:5   | Noticed wormstring's ghost (journeyman FeCK)
 15393 | Lair:5   | Found a runed translucent door.
 15447 | Lair:5   | Reached skill level 10 in Ice Magic
 15469 | Lair:5   | Reached ***** piety under Dithmenos
 16809 | Lair:5   | Reached skill level 15 in Spellcasting
 17520 | D:10     | Noticed Josephine
 17604 | D:10     | Killed Josephine
 18208 | D:10     | Found a staircase to the Orcish Mines.
 18312 | D:10     | Noticed Maurice
 18322 | D:10     | Killed Maurice
 18382 | D:10     | Noticed Snorg
 18389 | D:10     | Banished Snorg
 18402 | D:10     | Noticed Psyche
 18446 | D:10     | Killed Psyche
 18529 | D:10     | Learned a level 4 spell: Animate Dead
 18722 | Orc:1    | Entered Level 1 of the Orcish Mines
 18925 | Orc:1    | Found a transporter.
 18934 | Orc:1    | Found a transporter.
 18937 | Orc:1    | Noticed SirDiesAlot's ghost (journeyman OpSh)
 19189 | Orc:2    | Entered Level 2 of the Orcish Mines
 19571 | Orc:1    | Reached skill level 1 in Necromancy
 20047 | Orc:2    | Noticed an orc warlord
 20266 | Orc:1    | Killed an orc warlord
 20673 | Orc:2    | Reached XP level 15. HP: 116/117 MP: 34/34
 20739 | Orc:2    | Found Oqaiboel's Antique Weapon Shoppe.
 20756 | Orc:2    | Found a staircase to the Elven Halls.
 20824 | Orc:2    | Found Cytyeblec's General Store.
 21119 | Orc:2    | Found Maanavis's Antique Armour Emporium.
 21190 | Orc:2    | Found Xetuomism's Book Shoppe.
 21377 | Orc:2    | Bought a book of Spatial Translocations for 324 gold pieces
 21377 | Orc:2    | Bought a There-And-Back Book for 540 gold pieces
 21380 | Orc:2    | Learned a level 2 spell: Blink
 21384 | Orc:2    | Learned a level 3 spell: Teleport Other
 21441 | Orc:1    | Found a burning altar of Makhleb.
 21606 | Elf:1    | Entered Level 1 of the Elven Halls
 21995 | Orc:1    | Reached ****** piety under Dithmenos
 21999 | Orc:1    | Killed SirDiesAlot's ghost
 22046 | Orc:1    | Identified the ring "Vebi" {rPois rF+ Will+ Dex-4 Slay+5}
 22130 | Orc:2    | Bought a scroll of teleportation for 39 gold pieces
 22130 | Orc:2    | Bought a wand of digging (3) for 163 gold pieces
 22130 | Orc:2    | Bought a potion of magic for 104 gold pieces
 22463 | D:8      | Reached skill level 1 in Translocations
 22619 | D:4      | Learned a level 2 spell: Momentum Strike
 22639 | D:4      | Killed randomguy2701's ghost
 23702 | D:11     | Lost mutation: Potions are less effective at restoring your
                  | health. [potion of mutation]
 23702 | D:11     | Lost mutation: You possess an exceptional clarity of mind.
                  | [potion of mutation]
 23702 | D:11     | Gained mutation: You occasionally lose the ability to drink
                  | potions when taking damage. [potion of mutation]
 23702 | D:11     | Gained mutation: You have very sharp teeth. [potion of
                  | mutation]
 24208 | D:11     | Found an opulent altar of Gozag.
 24736 | D:12     | Found a runed translucent gate.
 24736 | D:12     | Found a runed translucent gate.
 24737 | D:12     | Found a runed translucent gate.
 24739 | D:12     | Noticed LobsterGuardian's ghost (journeyman DrSh)
 25476 | D:12     | Killed LobsterGuardian's ghost
 25821 | D:13     | Noticed Sonja
 25828 | D:13     | Killed Sonja
 25886 | D:13     | Learned a level 3 spell: Hailstorm
 26373 | D:13     | Got Sif Muna's Disquisition on the Serac and Reconstruction
 26987 | D:14     | Reached skill level 16 in Spellcasting
 27755 | D:14     | Found a gate to the Vaults.
 28251 | D:15     | Entered Level 15 of the Dungeon
 28808 | D:15     | Found an ornate altar of the Wu Jian Council.
 28895 | D:15     | Reached skill level 5 in Necromancy
 28895 | D:15     | Reached XP level 16. HP: 124/124 MP: 14/36
 29830 | D:15     | Found a staircase to the Depths.
 30125 | Depths:1 | Entered Level 1 of the Depths
 30230 | Depths:1 | Found a one-way gateway to a ziggurat.
 30254 | Depths:1 | Found a magical portal.
 30259 | WizLab   | Entered The Chambers of the Cloud Mage
 30268 | WizLab   | Paralysed by an air elemental for 1 turns
 30314 | WizLab   | Paralysed by an air elemental for 1 turns
 30317 | WizLab   | Paralysed by an air elemental for 1 turns
 30459 | WizLab   | Paralysed by an air elemental for 1 turns
 30461 | WizLab   | Paralysed by an air elemental for 1 turns
 30790 | WizLab   | HP: 6/126 [spark wasp (12)]
 30790 | WizLab   | Mangled by a spark wasp

Illustrated notes

Levels and vault maps discovered:
D:1:      dpeg_arrival_castle, layout_loops_ring, serial_rivers,
          chequers_serial_rivers_micro_c, chequers_serial_rivers_micro_b,
          chequers_serial_rivers_small_a, chequers_serial_rivers_room_b,
          chequers_serial_rivers_large_b, chequers_serial_rivers_micro_e,
          st_stairs_4
D:2:      layout_loops_corners, dk_noncrumbling_2
D:3:      layout_rooms, mainiacjoe_overflow_paths, kennysheep_orc_chapel,
          uniq_ijyb
D:4:      corexii_shack_village, layout_basic, nicolae_ashenzari_skybound,
          ebering_ghost_rock_garden, serial_shops, shop, portal_sewer_entry_e
D:5:      layout_loops_ring, uniq_pikel, uniq_duvessa, uniq_menkaure
D:6:      layout_basic, nicolae_overflow_crystal_walls
D:7:      layout_cave_pools, minmay_temple_entry_glassed_door
D:8:      minmay_clustersquares, layout_cave_pools, david_lair_generic,
          minmay_manual_mail, uniq_jeremiah, uniq_grum
D:9:      layout_rooms, minivault_19
D:10:     layout_stronghold, orc_0_dummy, uniq_psyche, uniq_josephine,
          uniq_maurice, uniq_snorg
D:11:     layout_long_grid, nicolae_gozag_cash_rules_everything_around_me
D:12:     layout_layer_cave, ebering_ghost_rock_garden, st_stairs_13
D:13:     layout_basic, lemuel_freeze_loot_1, uniq_sonja
D:14:     layout_gridville, grunt_vaults_entry_tiered, roderic_cross_of_infinity
D:15:     hangedman_depths_entry_try_elsewhere_first, layout_gridville,
          nicolae_wu_jian_wuxing_cycle
Temple:   hellmonk_temple_of_storms
Lair:1:   layout_loops_ring, basic_altar, small_statue_intersection
Lair:2:   layout_cellular_growth, minmay_swamp_entry_worms,
          spider_nest_entry_rubble, cheibrodos_lair_lostbears,
          grunt_megastairs_2, uniq_fannar
Lair:3:   layout_roguey
Lair:4:   layout_cave_pods, slime_entry_2, basic_altar
Lair:5:   due_jungle_book, layout_regular_city, hellmonk_ghost_happy_afterlife,
          serial_bayou_shore_a
Orc:1:    layout_caves, gammafunk_ghost_berserking_beasts, basic_altar
Orc:2:    grunt_orc_gardens, layout_caves, grunt_orc_garden, grunt_orc_garden,
          grunt_orc_garden, grunt_orc_garden
Elf:1:    elf_arrival_001, layout_geoelf_grid, serial_shops, shop,
          minmay_elf_annihilation, st_stairs_12
Depths:1: layout_gridlike, enter_ziggurat_b, infiniplex_enter_wizlab_spiral,
          serial_shops, shop, hell_entry, minmay_misc_feat_cross,
          chequers_serial_rivers_large_a, minmay_swirly_circle
WizLab:   wizlab_cloud

Skill      XL: |  1  2  3  4  5  6  7  8  9 10 11 12 13 14 15 16 |
---------------+-------------------------------------------------+-----
Ice Magic      | 4 5 6 7 8 9 10 | 10.9
Dodging        | 2 3 4 5 6 7 |  7.0
Spellcasting   | 3 4 5 7 9 11 12 14 15 16 | 16.7
Stealth        | 2 3 4 5 |  5.6
Shields        | 1 2 3 4 |  4.4
Armour         | 1 3 4 |  4.8
Invocations    | 1 5 8 9 11 12 13 14 | 14.0
Earth Magic    | 1 |  1.9
Transmutations | 1 2 |  2.1
Fighting       | 5 6 7 |  7.0
Short Blades   | 3 4 5 6 |  6.6
Summonings     | 1 2 |  2.7
Air Magic      | 1 2 |  2.4
Conjurations   | 1 2 3 |  3.0
Poison Magic   | 1 2 3 |  3.1
Necromancy     | 2 5 |  5.3
Translocations | 4 |  4.7
Hexes          | |  0.1
Fire Magic     | |  0.9

Action                     |  1- 3 |  4- 6 |  7- 9 | 10-12 | 13-15 | 16-18 || total
---------------------------+-------+-------+-------+-------+-------+-------++-------
  Melee: Club              |     2 |       |       |       |       |       ||     2
         Unarmed           |     1 |       |       |       |       |       ||     1
         Dagger            |    24 |    19 |       |       |       |       ||    43
         Short sword       |       |    73 |   200 |   288 |   981 |    88 ||  1630
         Punch             |       |     1 |     3 |     2 |    15 |       ||    21
         Bite              |       |       |       |       |    42 |    14 ||    56
   Cast: Freeze            |    40 |    27 |     4 |     3 |       |       ||    74
         Frozen Ramparts   |     7 |    12 |    19 |    30 |   138 |    16 ||   222
         Ozocubu's Armour  |     2 |     9 |    15 |    22 |    81 |     7 ||   136
         Summon Ice Beast  |       |       |     3 |     3 |    25 |       ||    31
         Magic Dart        |       |       |    13 |     9 |   249 |    26 ||   297
         Mephitic Cloud    |       |       |     2 |     6 |   118 |    18 ||   144
         Passwall          |       |       |       |    13 |       |       ||    13
         Ensorcelled Hiber |       |       |       |     3 |       |       ||     3
         Call Imp          |       |       |       |       |     2 |       ||     2
         Ignite Poison     |       |       |       |       |    19 |    16 ||    35
         Animate Dead      |       |       |       |       |     5 |       ||     5
  Evoke: Wand              |       |       |     1 |       |     2 |       ||     3
    Use: Scroll            |       |     8 |     4 |     6 |     5 |    10 ||    33
         Potion            |       |       |     1 |     6 |     1 |     1 ||     9
   Stab: Sleeping          |     1 |     2 |     6 |     4 |     7 |       ||    20
         Confused          |       |       |       |     1 |    21 |     1 ||    23
         Distracted        |       |       |       |     1 |     1 |       ||     2
 Armour: Robe              |    13 |    30 |    13 |       |       |       ||    56
         Leather armour    |       |       |    60 |   144 |   275 |       ||   479
         Acid dragon scale |       |       |       |       |    51 |    40 ||    91
  Dodge: Dodged            |    34 |    51 |   105 |   172 |   647 |    33 ||  1042
  Block: Other             |       |    14 |    35 |    52 |   114 |       ||   215
         Buckler           |       |       |       |       |    46 |    33 ||    79

Table legend: (Time is in decaauts)
 A = Elapsed time spent in this place.
 B = Non-inter-level travel time spent in this place.
 C = Inter-level travel time spent in this place.
 D = Time resting spent in this place.
 E = Time spent auto-exploring this place.
 F = Levels seen in this place.
 G = Mean time per level.
                   A        B        C        D        E       F      G
               +--------+--------+--------+--------+--------+-----+--------+
         Total |  30639 |  27830 |   2809 |   6484 |  13155 |  26 | 1178.4 |
       Dungeon |  19063 |  17099 |   1964 |   3812 |   8670 |  15 | 1270.9 |
        Temple |     70 |     53 |     17 |      0 |      0 |   1 |   70.0 |
          Lair |   7445 |   7053 |    392 |   1270 |   3651 |   5 | 1489.0 |
  Orcish Mines |   3225 |   2817 |    408 |   1076 |    833 |   2 | 1612.5 |
   Elven Halls |    203 |    175 |     28 |     62 |      0 |   1 |  203.0 |
        Depths |     91 |     91 |      0 |      0 |      0 |   1 |   91.0 |
        Wizlab |    539 |    539 |      0 |    264 |      0 |   1 |  539.0 |
               +--------+--------+--------+--------+--------+-----+--------+

Top non-repeatable levels by time:
  Lair:5: 2808 daAuts
   Orc:1: 1807 daAuts
     D:8: 1705 daAuts
    D:14: 1651 daAuts
    D:10: 1592 daAuts
  Lair:4: 1514 daAuts
    D:11: 1451 daAuts
     D:2: 1439 daAuts
   Orc:2: 1418 daAuts
    D:12: 1388 daAuts
     D:5: 1321 daAuts
     D:1: 1266 daAuts
     D:4: 1215 daAuts
     D:7: 1183 daAuts
    D:15: 1146 daAuts
